 Dungeon Crawl Stone Soup version 0.21.1-1-g345015fe64 (webtiles) character file.

148 McKennaii the Magician (level 5, -2/28 HPs)
             Began as a Deep Elf Ice Elementalist on June 11, 2018.
             Killed by divine providence
             ... invoked by an orc priest
              (17 damage)
             ... on level 3 of the Dungeon.
             The game lasted 00:04:10 (2519 turns).

McKennaii the Magician (Deep Elf Ice Elementalist)  Turns: 2519, Time: 00:04:11

Health: -2/28      AC:  3    Str:  5    XL:     5   Next: 8%
Magic:  10/14      EV: 13    Int: 21    God:
Gold:   83         SH:  0    Dex: 15    Spells: 3/13 levels left

rFire    . . .     SeeInvis .   m - +2 short sword (speed)
rCold    . . .     Gourm    .   (no shield)
rNeg     . . .     Faith    .   a - +0 robe
rPois    +         Spirit   .   (no helmet)
rElec    .         Reflect  .   (no cloak)
rCorr    .         Harm     .   (no gloves)
MR       .....                  j - +0 pair of boots
Stlth    ++........             g - amulet of regeneration
HPRegen  0.49/turn              r - ring of wizardry
MPRegen  0.14/turn              n - ring of poison resistance

@: drained
A: no striking features
a: no special abilities


You were on level 3 of the Dungeon.
You were not hungry.

You visited 1 branch of the dungeon, and saw 3 of its levels.

You collected 83 gold pieces.

Inventory:

Hand Weapons
 m - a +2 short sword of speed (weapon)
Armour
 a - a +0 robe (worn)
 j - a +0 pair of boots (worn)
Jewellery
 e - an uncursed ring of protection from fire
 g - an amulet of regeneration (around neck)
 n - a ring of poison resistance (right hand)
 r - a ring of wizardry (left hand)
Wands
 s - a wand of random effects (41)
Scrolls
 d - 3 scrolls of identify {unknown}
 i - a scroll of enchant weapon {unknown}
 k - a scroll of amnesia {unknown}
 l - a scroll of fog {unknown}
 u - a scroll of noise {unknown}
 v - a scroll of teleportation {unknown}
Potions
 f - a potion of agility {unknown}
 h - 3 potions of lignification {unknown}
 o - a potion of heal wounds {unknown}
 q - a potion of resistance {unknown}
 t - a potion of flight {unknown}
Books
 b - a book of Frost

   Spells                             Type                      Level
   a - Freeze                         Ice                          1
   b - Throw Frost                    Conjuration/Ice              2
   c - Ozocubu's Armour               Charms/Ice                   3
   d - Throw Icicle                   Conjuration/Ice              4
   e - Summon Ice Beast               Ice/Summoning                4
Comestibles
 c - 6 rations
 p - a chunk of flesh


   Skills:
 + Level 0.2(0.0) Short Blades
 + Level 3.0(2.7) Dodging
 * Level 3.4(3.2) Stealth
 * Level 4.9(4.6) Spellcasting
 + Level 1.1(0.9) Conjurations
 * Level 4.7(4.4) Ice Magic


You had 3 spell levels left.
You knew the following spells:

 Your Spells              Type           Power        Failure   Level  Hunger
a - Freeze                Ice            ###.         1%          1    None
b - Throw Frost           Conj/Ice       ###...       2%          2    #......
c - Ozocubu's Armour      Chrm/Ice       ##......     6%          3    ##.....
d - Summon Ice Beast      Ice/Summ       ##......     17%         4    ####...


Dungeon Overview and Level Annotations

Branches:
Dungeon (3/15)

Altars:
Ru


Message History

Press: ? - help, Shift-Dir - straight line, f - orc priest
Aim: an orc priest, wielding a war axe (resting)
The puff of frost hits the orc priest.
The orc priest is heavily wounded.
The orc priest shouts!
The orc shouts! x2
An orc comes into view. It is wielding a morningstar.
Casting: Throw Frost
Confirm with . or Enter, or press ? or * to list all spells.
Aiming: Throw Frost
Press: ? - help, Shift-Dir - straight line, f/p - orc priest
Aim: an orc priest, wielding a war axe (heavily wounded)
The puff of frost hits the orc priest.
The orc priest is almost dead.
The orc shouts!
The orc priest calls down the wrath of Beogh upon you.
Beogh smites you!
The orc priest mumbles some strange prayers to Beogh against you.
Beogh smites you!
Ouch! That really hurt!
You die...

.......................#.......#
..######...............#.####..#
..# #.........##+#######.#.##..#
..# #.........##+#######.#.....#
..# #........[#............###.#
..# #...###...#....<.......# #.#
..###...###...#............###.#
..............##.#.†...........#
..............##@#........#######
.#...........###.##...##.........
.#...........# #o##...###########
.####.######## .oo#..... .# #...
.o..#...... .########
#..o.##...## >....... .....##...#
######## ##.#### ..


You could see an orc priest and 4 orcs.

Vanquished Creatures
  Ijyb (D:3)
  Terence (D:2)
  A worker ant (D:2)
  2 adders (D:2)
  A worm (D:3)
  2 dart slugs
  A leopard gecko (D:1)
  3 bats
  2 giant cockroaches
  7 goblins
  5 hobgoblins
  7 jackals (D:3)
  3 kobolds
  A quokka (D:3)
  A ball python (D:2)
  6 frilled lizards
  4 rats (D:1)
48 creatures vanquished.

Notes
Turn   | Place    | Note
-------+----------+-------------------------------------------
     0 | D:1      | McKennaii the Deep Elf Ice Elementalist began the quest for the Orb.
     0 | D:1      | Reached XP level 1. HP: 10/10 MP: 6/6
   211 | D:1      | Reached XP level 2. HP: 15/15 MP: 6/8
  1090 | D:2      | Reached XP level 3. HP: 19/19 MP: 6/10
  1134 | D:2      | Found a sacrificial altar of Ru.
  1226 | D:2      | Noticed Terence
  1230 | D:2      | Learned a level 2 spell: Throw Frost
  1236 | D:2      | Killed Terence
  1389 | D:2      | Learned a level 3 spell: Ozocubu's Armour
  1400 | D:2      | Reached XP level 4. HP: 24/24 MP: 10/12
  1757 | D:2      | Found a faded altar of an unknown god.
  2023 | D:3      | Noticed Ijyb
  2030 | D:3      | Killed Ijyb
  2171 | D:3      | Reached XP level 5. HP: 28/28 MP: 3/14
  2384 | D:3      | Learned a level 4 spell: Summon Ice Beast
  2519 | D:3      | Killed from afar by an orc priest

Skill      XL: |  1  2  3  4 |
---------------+-------------+-----
Stealth        | 3 |  3.4
Spellcasting   | 4 |  4.9
Ice Magic      | 4 |  4.7
Dodging        | 3 |  3.0
Short Blades   | |  0.2
Conjurations   | |  1.1

Action                   |  1- 3 |  4- 6 || total
-------------------------+-------+-------++-------
Melee: Unarmed           |     6 |       ||     6
       Short sword       |    29 |     4 ||    33
       Dagger            |     8 |       ||     8
 Cast: Freeze            |    35 |    20 ||    55
       Throw Frost       |     2 |    22 ||    24
 Stab: Sleeping          |     4 |       ||     4
  Eat: Chunk             |     1 |     4 ||     5
Armor: Robe              |    16 |     3 ||    19
Dodge: Dodged            |    45 |    12 ||    57
